[Event "27th Sharjah International Rapid Chess-c"]
[Site "Sharjah"]
[Date "2022.04.07"]
[Round "5.1"]
[White "Sokolov, Ivan"]
[Black "Sindarov, Javokhir"]
[Result "0-1"]
[ECO "A56"]
[WhiteElo "2588"]
[BlackElo "2609"]
[Annotator "TA"]
[PlyCount "92"]
[EventDate "2022.04.07"]
[EventType "rapid"]
[EventCountry "UAE"]
[SourceTitle "playchess.com"]
[Source "ChessBase"]
[SourceQuality "1"]
[TimeControl "600+3"]

1. d4 Nf6 2. c4 c5 3. d5 g6 4. Nc3 Bg7 5. e4 d6 6. h3 O-O 7. Nf3 e6 8. Bd3 Nbd7 9. Bg5 a6 10. a4 b6 11. Qd2 exd5 12. cxd5 Qc7 13. O-O Re8 14. Rfe1 Ne5 15. Nxe5 Rxe5 16. Bh6 Bxh6 17. Qxh6 c4 18. Bf1 Bd7 19. Qe3 Rc8 20. Qd4 Nh5 21. g3 Re7 22. Kh2 Qc5 23. Qxc5 Rxc5 24. Red1 f5 25. Rd4 b5 26. axb5 axb5 27. Ra7 Kf7 28. exf5 gxf5 29. Nd1 Bc8 30. Rxe7+ Kxe7 31. Ne3 Nf6 32. g4 f4 33. Rxf4 Nxd5 34. Re4+ $1 Kf6 35. Nc2 Nb6 36. f4 Na4 37. Rd4 Ke7 38. Re4+ Kf7 39. Be2 (39. Rd4 $15) 39... Nxb2 $17 40. g5 $2 (40. Kg3 $17) 40... Bf5 $19 41. Bh5+ Bg6 42. Bxg6+ hxg6 ({Not} 42... Kxg6 43. Kg3 $17) 43. h4 $2 (43. Rd4 Ke6 44. Nb4) 43... Nd3 $19 44. Kg3 b4 45. Rd4 b3 46. Na3 c3 0-1

[Event "27th Sharjah International Rapid Chess-c"]
[Site "Sharjah"]
[Date "2022.04.07"]
[Round "5.2"]
[White "Yakubboev, Nodirbek"]
[Black "Salem, A.R. Saleh"]
[Result "1/2-1/2"]
[ECO "D35"]
[WhiteElo "2630"]
[BlackElo "2690"]
[Annotator "TA"]
[PlyCount "78"]
[EventDate "2022.04.07"]
[EventType "rapid"]
[EventCountry "UAE"]
[SourceTitle "playchess.com"]
[Source "ChessBase"]
[SourceQuality "1"]
[TimeControl "600+3"]

1. c4 e6 2. Nc3 d5 3. d4 Nf6 4. cxd5 exd5 5. Bg5 c6 6. e3 h6 7. Bh4 Be7 8. Bd3 O-O 9. Qc2 Re8 10. Nge2 Nbd7 11. O-O Nh5 12. Bxe7 Qxe7 13. Rab1 Nb6 14. Kh1 Bd7 15. Ng1 Nf6 16. Rbe1 Rad8 17. Nf3 Nc8 18. Ne5 Nd6 19. f4 Nfe4 20. Nxe4 dxe4 21. Be2 Be6 22. b3 f6 23. Nc4 Nf5 24. Qxe4 Qf7 (24... Qb4 $5 ) 25. Bd3 c5 26. Qf3 b5 27. Na5 cxd4 28. Nc6 (28. Bxf5 {looks sharper.} Bxf5 29. Nc6 Rc8 30. Nxd4 Be4 31. Qf2) 28... Nxe3 29. Nxd8 Rxd8 30. Rxe3 dxe3 31. Qxe3 Bd5 32. h3 Bc6 33. Rf2 Qd5 34. Bg6 Qd4 (34... a5 {seems wilder.} 35. Kh2 Qd4 36. Qe7 Qd6) 35. Qxd4 (35. Qe6+ {is interesting.} Kh8 36. Qe7 Rc8 37. Qe1) 35... Rxd4 36. Kh2 Kf8 37. Rc2 Rd6 38. Be4 $2 (38. Kg1 $11) 38... Bxe4 $19 39. Kh1 Bb7 (39... Bxc2 $142 40. Kg1 b4 41. Kf2 Ra6 42. Kg3 Rxa2 43. h4 Bxb3 44. Kf3 Bd5+ 45. Ke3 b3 46. g3 b2 47. Kd4 Ra5 48. h5 b1=Q 49. Kc3 Qb3+ 50. Kd4 Bh1 51. g4 Rd5#) 1/2-1/2

[Event "27th Sharjah International Rapid Chess-c"]
[Site "Sharjah"]
[Date "2022.04.07"]
[Round "5.3"]
[White "Al Qudaimi, Basheer"]
[Black "Arencibia Rodriguez, Walter"]
[Result "0-1"]
[ECO "C55"]
[WhiteElo "2423"]
[BlackElo "2486"]
[Annotator "TA"]
[PlyCount "56"]
[EventDate "2022.04.07"]
[EventType "rapid"]
[EventCountry "UAE"]
[SourceTitle "playchess.com"]
[Source "ChessBase"]
[SourceQuality "1"]
[TimeControl "600+3"]

1. e4 e5 2. Nf3 Nc6 3. Bc4 Nf6 4. d3 Be7 5. h3 d6 6. c3 O-O 7. Bb3 Be6 8. c4 Nd7 9. Nc3 Nd4 (9... f5 $15) 10. Nxd4 $11 exd4 11. Ne2 c5 12. g4 {[%emt 0:00:43] [#]} (12. O-O $11) 12... Bh4 ({Better is} 12... b5 $1 $17 {White must now prevent ...bxc4.} 13. cxb5 Qa5+ 14. Kf1 Qxb5) 13. Bf4 (13. Nf4 $11) 13... Ne5 $17 14. Kf1 $2 (14. O-O $17 {was necessary.}) 14... Qf6 (14... f5 $19 15. gxf5 Bxf5 16. exf5 Rxf5) 15. Kg2 $2 (15. Rh2 $17) 15... g5 $19 16. Bg3 Qf3+ 17. Kg1 Nxd3 18. Nxd4 Qxe4 19. Bxh4 (19. Bc2 $142 Bxc4 20. Nf5 Bxg3 21. Nxg3) 19... gxh4 $19 ({But not} 19... Qxd4 $2 20. Bg3 $19) 20. Nb5 $2 (20. Nf3 {is the only way for White.}) 20... Qxh1+ $19 21. Kxh1 Nxf2+ 22. Kg2 Nxd1 23. Rxd1 Rfd8 24. Kf3 a6 25. Nxd6 b5 26. Kf4 bxc4 27. Ba4 Rab8 28. Rd2 Rb4 0-1

[Event "27th Sharjah International Rapid Chess-c"]
[Site "Sharjah"]
[Date "2022.04.07"]
[Round "5.4"]
[White "Naiditsch, Arkadij"]
[Black "Erdogdu, Mert"]
[Result "1-0"]
[ECO "B50"]
[WhiteElo "2648"]
[BlackElo "2407"]
[Annotator "TA"]
[PlyCount "81"]
[EventDate "2022.04.07"]
[EventType "rapid"]
[EventCountry "UAE"]
[SourceTitle "playchess.com"]
[Source "ChessBase"]
[SourceQuality "1"]
[TimeControl "600+3"]

1. e4 c5 2. Nf3 d6 3. Nc3 Nf6 4. d4 cxd4 5. Qxd4 Nc6 6. Bb5 Bd7 7. Bxc6 Bxc6 8. Bg5 e6 9. O-O-O Be7 10. Qd3 Qa5 11. h4 h6 12. Bd2 Qa6 13. Qxa6 bxa6 14. Rhe1 Ng4 15. Re2 O-O 16. Bf4 Rfd8 17. Bg3 Rac8 18. Red2 Rc7 19. e5 d5 20. h5 Bc5 (20... Rb7 $14) 21. Rd4 $16 Bxd4 22. Rxd4 Nxe5 (22... f5 $2 23. exf6 Rf7 24. Rxg4 $18) (22... Nxf2 $16 23. Bxf2 Rdc8) 23. Bxe5 $18 ({Not} 23. Nxe5 Bb5 $16) 23... Rb7 {[%emt 0:00:05] [#]} 24. Rg4 $1 f5 (24... f6 $142) 25. Rg6 $18 Re8 26. Nd4 Bd7 (26... Rc8 $142 27. f4 Be8 28. Rxe6 Rd8 29. Nxf5 Bxh5 30. Rxa6 Rbd7) 27. Nce2 Re7 28. Nf4 Rb6 29. Rg3 Rb7 30. Ra3 Rb6 31. Rc3 Rb7 32. Rc5 Kf7 33. Nd3 Re8 34. Ra5 Rb6 35. Bc7 Rb7 36. Bd6 Bb5 (36... Kg8 $142 37. Rxa6 Bc8) 37. Nxb5 axb5 38. Nc5 Rb6 39. Rxa7+ Kg8 40. Be5 Rc6 41. Rxg7+ 1-0

[Event "27th Sharjah International Rapid Chess-c"]
[Site "Sharjah"]
[Date "2022.04.07"]
[Round "5.5"]
[White "El Adnani, Mokliss"]
[Black "Iordachescu, Viorel"]
[Result "1-0"]
[ECO "C28"]
[WhiteElo "2406"]
[BlackElo "2585"]
[Annotator "TA"]
[PlyCount "125"]
[EventDate "2022.04.07"]
[EventType "rapid"]
[EventCountry "UAE"]
[SourceTitle "playchess.com"]
[Source "ChessBase"]
[SourceQuality "1"]
[TimeControl "600+3"]

1. e4 e5 2. Nc3 Nc6 3. Bc4 Nf6 4. d3 Na5 5. Nf3 d6 6. h3 Be7 7. O-O O-O 8. a4 Nxc4 9. dxc4 c6 10. a5 Be6 11. b3 h6 12. Qe2 Qc7 13. Nh4 Rfe8 14. Qf3 Qd7 15. Rd1 Rad8 16. Be3 d5 17. Bxa7 d4 18. Na4 g6 19. Nc5 Qc8 20. Bb6 Rd6 21. Nd3 Nh7 22. Bc5 Ng5 23. Qe2 Rd7 24. Bxe7 Rdxe7 25. Nf3 f6 26. Nxg5 hxg5 27. Nc5 Bf7 28. a6 b6 29. Nd3 c5 30. Ra4 Ra7 31. Rda1 Qc6 32. b4 Kg7 33. bxc5 bxc5 34. f3 Rb8 35. Qe1 Rb6 36. Qa5 Bxc4 37. Qxc5 Bb5 38. Rb4 Qxc5 39. Nxc5 Rbxa6 40. Nxa6 Rxa6 41. Rab1 Ba4 42. Rb7+ Kh6 43. Rc7 g4 44. hxg4 Kg5 45. Kf2 Be8 46. Kg3 Ra3 47. Rg7 Rc3 48. Rh1 f5 49. exf5 Rxc2 50. Rg8 (50. Rh8 $142 Kf6 51. Ra7) 50... Bf7 $18 51. Rf8 Bd5 52. f6 (52. Re1 $142) 52... e4 53. f7 (53. f4# $142) 53... exf3 $18 54. gxf3 Rc3 {[%emt 0:00:00] [#]} 55. Rf1 (55. Rh5+ $142 $3 Kf6 56. Rxd5 Rc7 57. Rd6+ Kg7 58. Rg8+ Kxf7 59. Rgxg6 Ke7 60. Rc6) 55... Kf6 56. Rd8 Bxf7 57. Rxd4 Ke5 58. Re4+ Kf6 59. Ra1 Bd5 60. Rf4+ Ke5 61. Re1+ Kd6 62. Rf6+ Kd7 63. Rf1 1-0

[Event "27th Sharjah International Rapid Chess-c"]
[Site "Sharjah"]
[Date "2022.04.07"]
[Round "5.6"]
[White "Adly, Ahmed"]
[Black "Stefanova, Antoaneta"]
[Result "1-0"]
[ECO "D02"]
[WhiteElo "2596"]
[BlackElo "2445"]
[Annotator "TA"]
[PlyCount "43"]
[EventDate "2022.04.07"]
[EventType "rapid"]
[EventCountry "UAE"]
[SourceTitle "playchess.com"]
[Source "ChessBase"]
[SourceQuality "1"]
[TimeControl "600+3"]

1. d4 d5 2. Nf3 Nf6 3. g3 Bf5 4. Bg2 c6 5. O-O h6 6. c4 e6 7. Nc3 Nbd7 8. Qb3 {[%emt 0:00:27] is now debated instead of 8.Nd2.} Qb6 9. c5 Qa6 {[%emt 0:00:04] D11: Slav Defence: 3 Nf3 sidelines and 3...Nf6 4 e3 Bg4.} 10. Re1 b6 11. cxb6 axb6 {[%emt 0:00:14] The position is equal.} 12. Nh4 Bh7 13. e4 dxe4 (13... Bxe4 {is interesting.} 14. Bxe4 dxe4 15. Nxe4 Nxe4 16. Rxe4 Be7) 14. Nxe4 Nxe4 15. Bxe4 Bxe4 16. Rxe4 {[%emt 0:00:02][%cal Oh4g6] [#] And now Ng6! would win.} Nf6 17. Rxe6+ fxe6 18. Qxe6+ Kd8 {[%emt 0:00:02] White must now prevent ...Qc8.} 19. Ng6 Rg8 {[%emt 0:00:35] [#] Hoping for ...Qc8.} 20. Bf4 $146 (20. Bxh6 $1 $11 {and White stays safe.} Qc8 21. Nxf8 Qxe6 22. Nxe6+ Kd7 23. Nxg7) ({Predecessor:} 20. Ne5 Qc8 21. Qf7 Bd6 22. Bf4 Qc7 23. Qe6 Bxe5 24. Bxe5 Qe7 25. Bxf6 gxf6 26. Qxg8+ Qe8 27. Qg7 Ra4 28. b3 Rb4 29. d5 Qe5 30. Rd1 Kc8 31. dxc6 {1-0 (31) Adly,A (2683)-Niemann,H (2592) Riga 2021}) 20... Qb7 $4 (20... Qc8 $19 21. Qc4 b5) 21. Ne5 $18 Be7 22. Nf7+ {[%emt 0:00:07] Weighted Error Value: White=0.30/Black=0.72} 1-0

[Event "27th Sharjah International Rapid Chess-c"]
[Site "Sharjah"]
[Date "2022.04.07"]
[Round "5.7"]
[White "Rayes, Abdul Kader"]
[Black "Tukhaev, Adam"]
[Result "0-1"]
[ECO "B31"]
[WhiteElo "2124"]
[BlackElo "2534"]
[Annotator "RC"]
[PlyCount "68"]
[EventDate "2022.04.07"]
[EventType "rapid"]
[EventCountry "UAE"]
[SourceTitle "playchess.com"]
[Source "ChessBase"]
[SourceQuality "1"]
[TimeControl "600+3"]

1. e4 c5 2. Nf3 Nc6 3. Bb5 g6 4. O-O Bg7 5. Re1 e5 6. c3 Nge7 7. Na3 O-O 8. Nc2 Qb6 9. Bc4 Na5 10. Bf1 d6 11. d4 exd4 12. cxd4 Bg4 13. dxc5 dxc5 14. Ne3 Rad8 15. Qe2 Be6 16. Ng5 Bd7 17. Nc4 Nxc4 18. Qxc4 h6 19. Nf3 Be6 20. Qc2 Nc6 21. Be3 Nd4 22. Nxd4 cxd4 23. Bf4 d3 24. Bxd3 Qxb2 25. Rab1 Qxc2 26. Bxc2 b6 27. Bb3 Rd3 28. Re3 Rd4 29. Bg3 Re8 30. Bc2 Bxa2 31. Rbe1 Be6 32. h4 a5 33. Rb1 Rc8 34. Ba4 Rxa4 0-1

[Event "27th Sharjah International Rapid Chess-c"]
[Site "Sharjah"]
[Date "2022.04.07"]
[Round "5.8"]
[White "Devnani Kush"]
[Black "Al Hosani, Omran"]
[Result "1/2-1/2"]
[ECO "D85"]
[WhiteElo "2041"]
[BlackElo "2191"]
[Annotator "RC"]
[PlyCount "121"]
[EventDate "2022.04.07"]
[EventType "rapid"]
[EventCountry "UAE"]
[SourceTitle "playchess.com"]
[Source "ChessBase"]
[SourceQuality "1"]
[TimeControl "600+3"]

1. d4 Nf6 2. c4 g6 3. Nc3 d5 4. cxd5 Nxd5 5. Bd2 Bg7 6. e4 Nxc3 7. Bxc3 O-O 8. Qd2 Nd7 9. Nf3 c5 10. d5 Nf6 11. Qc2 Bg4 12. Ne5 Qc7 13. Nxg4 Nxg4 14. Be2 Qf4 15. Bxg4 Bxc3+ 16. bxc3 Qxg4 17. O-O Qf4 18. Rfe1 Rad8 19. Rab1 b6 20. c4 e6 21. Qa4 exd5 22. cxd5 f5 23. g3 Qg4 24. Qxa7 fxe4 25. Qxb6 Rxd5 26. Qc6 Qf5 27. Rb2 Rf7 28. Qe8+ Kg7 29. Qxe4 Rd1 30. Qe3 Rd3 31. Qe5+ Qxe5 32. Rxe5 c4 33. Rc5 c3 34. Rc2 Ra7 35. R5xc3 Rxc3 36. Rxc3 Rxa2 37. Kg2 Ra7 38. Rc6 Rd7 39. g4 Rd4 40. Kg3 Rd3+ 41. f3 Rd7 42. h4 Ra7 43. Rc4 Rd7 44. Re4 Ra7 45. Re3 Rb7 46. f4 Rf7 47. Re5 Ra7 48. h5 gxh5 49. Rxh5 Re7 50. Kh4 Rf7 51. Kg3 Ra7 52. Rg5+ Kf7 53. Rc5 Kg7 54. Kh4 Rf7 55. Kg5 h6+ 56. Kh5 Rxf4 57. Rc7+ Kg8 58. Rc8+ Kg7 59. Rc7+ Kg8 60. Kxh6 Rxg4 61. Kh5 1/2-1/2

[Event "27th Sharjah International Rapid Chess-c"]
[Site "Sharjah"]
[Date "2022.04.07"]
[Round "5.9"]
[White "Miladinovic, Igor"]
[Black "Al Namas, Kanan"]
[Result "1-0"]
[ECO "A45"]
[WhiteElo "2509"]
[BlackElo "1555"]
[Annotator "TA"]
[PlyCount "73"]
[EventDate "2022.04.07"]
[EventType "rapid"]
[EventCountry "UAE"]
[SourceTitle "playchess.com"]
[Source "ChessBase"]
[SourceQuality "1"]
[TimeControl "600+3"]

1. d4 Nf6 2. Bg5 c5 3. dxc5 Qa5+ 4. Nd2 Qxc5 5. Bxf6 gxf6 6. c3 {[%emt 0:00:01] A45: Trompowsky Attack.} Nc6 {[%emt 0:00:24] [#]} 7. g3 $146 ({Predecessor:} 7. Ngf3 d6 8. a4 h5 9. h4 Ne5 10. e3 Ng4 11. Bb5+ Kd8 12. Qe2 Bh6 13. Nb3 {1-0 (68) Miladinovic,I (2519)-Abbasov,F (2439) Ohrid 2001}) 7... b5 8. Bg2 {[%emt 0:00:12] White is slightly better.} Bb7 9. Ngf3 Ne5 10. O-O Nxf3+ 11. Nxf3 h5 {[%emt 0:00:17] White now steadily converts the win.} (11... e6 $14 {was preferrable.}) 12. h4 Qb6 13. a4 a6 ({Black should play} 13... b4) 14. axb5 $16 axb5 (14... Qxb5 $16 15. Nd4 Qb6) 15. Qd4 $18 Qc7 16. Rxa8+ Bxa8 17. Ra1 Bc6 18. Nd2 Bh6 (18... Bxg2 $142 19. Kxg2 Qc6+ 20. Nf3 Bg7) 19. Ra7 Qc8 20. Bxc6 Qxc6 21. Ne4 Rg8 (21... O-O $142 22. Rxd7 f5) 22. Nc5 d6 23. Na6 $40 {[%emt 0:00:27][%mdl 128] aiming for Nb4. White attacks with force.} Rg4 24. Qd3 Ra4 $2 {[%emt 0:01:57] [#]} (24... Kf8 25. Nb4 Qe4) 25. Ra8+ $1 Qxa8 26. Nc7+ Kf8 {[%emt 0:00:10] ( -> ...Ra1+)} 27. Nxa8 Rxa8 28. Qxb5 {[%emt 0:00:02][%mdl 4096] Endgame KQ-KRB} Kg7 29. e3 Ra1+ 30. Kg2 Rc1 31. Qe2 {[%emt 0:00:49] Prevents Rc2.} f5 32. b4 {[%emt 0:00:12][%cal Bb2b4,Bb4b5,Bb5b6,Bb6b7][%mdl 32] [#] And now Qb2 would win.} Kg6 33. Qb2 Rd1 34. b5 {[%emt 0:00:03] White wants to mate with b6.} Bg7 35. b6 {[%emt 0:00:01] White threatens b7 and mate.} Rd3 36. b7 Bxc3 37. Qb1 {[%emt 0:00:05] Weighted Error Value: White=0.12 (very precise) /Black=0.85} 1-0

[Event "27th Sharjah International Rapid Chess-c"]
[Site "Sharjah"]
[Date "2022.04.07"]
[Round "5.10"]
[White "Reyes, Danilo G."]
[Black "Dimakiling, Oliver"]
[Result "0-1"]
[ECO "B30"]
[WhiteElo "1605"]
[BlackElo "2420"]
[Annotator "TA"]
[PlyCount "62"]
[EventDate "2022.04.07"]
[EventType "rapid"]
[EventCountry "UAE"]
[SourceTitle "playchess.com"]
[Source "ChessBase"]
[SourceQuality "1"]
[TimeControl "600+3"]

1. e4 c5 2. Nf3 Nc6 3. g3 g6 4. Bg2 Bg7 5. O-O e5 6. d3 Nge7 7. c3 O-O 8. Re1 {[%emt 0:00:09] A04: Unusual lines after 1 Nf3 and King's Indian Attack.} d5 {[%emt 0:00:05] was the old line (8...d6).} 9. Qc2 h6 10. Nbd2 {[%emt 0:00:02] The position is equal.} Be6 11. Nf1 (11. exd5 $11 {remains equal.} Bxd5 12. h4) 11... Qd7 {[%emt 0:00:08] [#]} 12. a4 $146 ({Predecessor:} 12. Ne3 d4 13. cxd4 cxd4 14. Nf1 Nb4 15. Qb1 Rfc8 16. Re2 Qb5 17. Ne1 Bxa2 18. Rxa2 Nxa2 {0-1 (18) Borg,F (1855)-Lindgren,P (2287) Helsingor 2013}) 12... Rad8 13. a5 f5 14. exf5 Bxf5 {[%emt 0:00:34] Threatens to win with ...c4.} 15. Ne3 {[%emt 0:00:24] Prevents c4.} ({White should play} 15. Qe2) 15... Bh3 {[%emt 0:00:09] White must now prevent ...Bxg2.} 16. Bh1 g5 {[%emt 0:00:17] &Nero is more active.} 17. a6 (17. Qb3 $17) 17... b6 $19 18. c4 (18. Qb3 $142) 18... Nb4 19. Qb3 {[%emt 0:00:20] [#]} (19. Qd1 {is a better defense.}) 19... e4 20. dxe4 dxe4 21. Rd1 Qe6 ({But not} 21... exf3 $2 22. Rxd7 Rxd7 23. Nd5 $19) ({Inferior is} 21... Nd3 22. Ne1 $19) 22. Rxd8 Rxd8 23. Nd2 Nec6 (23... Rd3 $142 24. Qd1 Nf5 25. Nxf5 Bxf5) 24. Nd5 $2 (24. Qd1) 24... Nd4 {[%emt 0:00:10][%cal Rd4e2] [#]} 25. Qd1 {[%emt 0:00:01] Inhibits Ne2+.} Bg4 26. f3 exf3 27. Bxf3 Nxf3+ 28. Nxf3 Nxd5 29. cxd5 Rxd5 30. Qe1 Bd4+ {[%emt 0:00:08] A strong pair of Bishops.} 31. Kf1 Bh3# {[%emt 0:00:07] White did not feel at home in the position after the opening.  Weighted Error Value: White=0.95/Black=0.45} 0-1

[Event "27th Sharjah International Rapid Chess-c"]
[Site "Sharjah"]
[Date "2022.04.07"]
[Round "5.11"]
[White "Ali, Sebbar"]
[Black "Abdulrahim, Salem"]
[Result "1-0"]
[ECO "D64"]
[WhiteElo "2399"]
[BlackElo "1684"]
[Annotator "TA"]
[PlyCount "69"]
[EventDate "2022.04.07"]
[EventType "rapid"]
[EventCountry "UAE"]
[SourceTitle "playchess.com"]
[Source "ChessBase"]
[SourceQuality "1"]
[TimeControl "600+3"]

1. d4 d5 2. c4 e6 3. Nc3 Nf6 4. Nf3 Be7 5. Bg5 O-O 6. e3 c6 7. Qc2 Nbd7 8. Rc1 Re8 9. a3 Nf8 10. Bd3 Ng6 11. O-O dxc4 {D64: Queen's Gambit Declined: Classical: 7 Rc1 c6 8 Qc2.} 12. Bxc4 {[#]} h6 $146 ({Predecessor:} 12... Nd5 13. Bxe7 Qxe7 14. Bd3 Bd7 15. Rfd1 Rec8 16. g3 Nf6 17. Na4 b6 18. Rb1 c5 19. dxc5 Bxa4 20. Qxa4 Rxc5 {1-0 (35) Kuligowski,A (2465)-Erlingsson,J (2225) Reykjavik 1982}) 13. Bxf6 Bxf6 {White is better.} 14. Bd3 Ne7 15. Rfd1 Nd5 16. Ne4 g6 17. Ne5 Bg7 18. Nc4 Bf8 19. g3 Nf6 20. Ned2 Nd7 21. b4 e5 22. Bxg6 fxg6 $15 23. Qxg6+ Kh8 $2 {[#]} (23... Bg7 $1 $15 {stays ahead.} 24. Ne4 (24. Nd6 Rf8 $17) 24... exd4) 24. Ne4 $1 $16 {&Bianco is much more active. The black rooks are badly placed.} Bg7 (24... Re7 $16) 25. Ncd6 {Pair of Knights!} (25. dxe5 $18 {[%cal Oe4f6] Strongly threatening Nf6!} Qe7 26. f4) 25... Rf8 {Inhibits Nf6.} (25... Re7 $16 {was called for.}) 26. Nf7+ $2 (26. Nf5 {[#]} Rxf5 $1 27. Qxf5 exd4 $11) ({White should play} 26. d5 $18 Nf6 27. dxc6) 26... Rxf7 $1 $11 27. Qxf7 $40 {[%mdl 128] Threatens to win with dxe5. Black needs to defend precisely.} exd4 28. exd4 Nf6 29. Nc5 (29. Re1 $14 Qd5 30. Qxd5 (30. Qe7 Bh3 $11) 30... Nxd5 31. Nd6) 29... Qd5 30. Qxd5 Nxd5 31. Rd2 (31. Re1 $11) 31... b6 (31... a5 $15) 32. Nd3 Bd7 (32... a5 $11) 33. Ne5 $16 Bxe5 34. dxe5 {[%cal Ob4b5] aiming for b5!} Re8 $2 (34... a6 $14) 35. b5 $1 {Weighted Error Value: White=0.40/Black=0.57} 1-0

[Event "27th Sharjah International Rapid Chess-c"]
[Site "Sharjah"]
[Date "2022.04.07"]
[Round "5.12"]
[White "Zubarev, Alexander"]
[Black "Khalifa Essa, Albalooshi"]
[Result "1-0"]
[ECO "A04"]
[WhiteElo "2372"]
[BlackElo "1647"]
[Annotator "TA"]
[PlyCount "37"]
[EventDate "2022.04.07"]
[EventType "rapid"]
[EventCountry "UAE"]
[SourceTitle "playchess.com"]
[Source "ChessBase"]
[SourceQuality "1"]
[TimeControl "600+3"]

1. Nf3 g6 2. e4 Bg7 3. d4 d6 4. Bc4 Bg4 5. Bxf7+ Kxf7 6. Ng5+ {[%emt 0:00:01][%mdl 64] [#] Discovered Attack. B06: Modern Defence.} Ke8 7. Qxg4 {[%emt 0:00:02][%cal Og5h7] aiming for Nxh7!} Qd7 8. Qe6 {[%emt 0:01:21] White is clearly better.} Nh6 {[%emt 0:00:16] Against Qf7+} (8... Qxe6 9. Nxe6 Na6) 9. d5 (9. Qb3 $18 {has better winning chances.} Qc6 10. O-O) 9... Na6 10. Qxd7+ Kxd7 11. Ne6 $36 {[%emt 0:00:02][%mdl 2048] [#] White is on the roll.} Nb4 $146 {[%emt 0:00:49] [#]} (11... Be5 {was called for.} 12. Bxh6 Bxb2) ({Predecessor:} 11... Bf6 12. c3 Nf7 13. f4 c5 14. Nd2 Nc7 15. Nxc7 Kxc7 16. Nf3 Rae8 17. O-O e6 {1-0 (32) Szotek,J (2019)-Holub,T (1615) Karvina 2012}) 12. Nxg7 $18 {[%emt 0:00:43] White is clearly winning.} Nxc2+ 13. Kd1 Nxa1 14. Bxh6 Rhf8 15. f3 Rf7 16. Nc3 Rg8 17. Ne6 g5 18. Kd2 Rg6 19. Nf8+ {[%emt 0:00:03] White took control after the opening.  Weighted Error Value: White=0.24 (precise) /Black=0.62} 1-0

[Event "27th Sharjah International Rapid Chess-c"]
[Site "Sharjah"]
[Date "2022.04.07"]
[Round "5.13"]
[White "Paul Emerson, Gicale"]
[Black "Tolentino, Rustum"]
[Result "0-1"]
[ECO "B48"]
[WhiteElo "1245"]
[BlackElo "2323"]
[Annotator "TA"]
[PlyCount "54"]
[EventDate "2022.04.07"]
[EventType "rapid"]
[EventCountry "UAE"]
[SourceTitle "playchess.com"]
[Source "ChessBase"]
[SourceQuality "1"]
[TimeControl "600+3"]

1. e4 c5 2. Nf3 e6 3. d4 cxd4 4. Nxd4 Nc6 5. Nc3 Qc7 6. Be3 a6 7. a4 {[%emt 0:00:06] 7.g4 is setting a new trend.} Nf6 8. f3 {[%emt 0:00:07] B48: Sicilian: Taimanov: 5 Nc3 Qc7 6 Be3 a6 without Be2.} ({Better is} 8. Bd3 $11) 8... Bb4 $15 9. Qd2 d5 {[%emt 0:00:02] [#]} 10. Bd3 $146 {[%emt 0:00:44] [#]} (10. exd5 $17 {was called for.} Nxd5 11. Bc4) ({Predecessor:} 10. exd5 exd5 11. Bd3 O-O 12. O-O Re8 13. Bf2 Bd6 14. g3 Bd7 15. Nf5 Bf8 16. Ne2 {1-0 (61) Hoppe,F (2040)-Qayumi,R (1762) Playchess.com INT 2020}) 10... Nxd4 $19 11. Bxd4 (11. e5 {was worth a try.} Qxe5 12. f4 Nxc2+ 13. Bxc2) 11... e5 12. O-O-O (12. Qf2 $142 exd4 13. Qxd4) 12... exd4 13. Qg5 dxc3 14. Qxg7 Qf4+ 15. Kb1 Rg8 16. g3 Rxg7 17. gxf4 cxb2 18. Kxb2 d4 19. Bc4 Bc3+ 20. Kb3 b5 21. axb5 axb5 22. Bxb5+ Ke7 23. Kc4 Rb8 (23... Be6+ $142 24. Kc5 Rc8+ 25. Kb6 Rb8+ 26. Kc5 Rgg8 27. Ba6 Nd7+ 28. Kc6 Rb6+ 29. Kc7 Ba5 30. Rb1 Rxb1+ 31. Kc6 Nb8+ 32. Kc5 Bb6#) 24. Rb1 Be6+ {[%emt 0:00:06] Black mates.} 25. Kd3 Rg2 26. Rhd1 Nh5 27. e5 Bd5 {[%emt 0:00:01] White did not feel at home in the position after the opening.  Weighted Error Value: White=1.48/Black=0.40} 0-1

[Event "27th Sharjah International Rapid Chess-c"]
[Site "Sharjah"]
[Date "2022.04.07"]
[Round "5.14"]
[White "Khaled Tarek AlTaher"]
[Black "Storey, Charles H"]
[Result "0-1"]
[ECO "A40"]
[WhiteElo "1330"]
[BlackElo "2220"]
[Annotator "TA"]
[PlyCount "82"]
[EventDate "2022.04.07"]
[EventType "rapid"]
[EventCountry "UAE"]
[SourceTitle "playchess.com"]
[Source "ChessBase"]
[SourceQuality "1"]
[TimeControl "600+3"]

1. d4 g6 2. Nf3 Bg7 3. e3 c5 4. c3 Qc7 5. Be2 {[%emt 0:00:06] [#]} a6 $146 ({Better is} 5... d5 $11) ({Predecessor:} 5... Nf6 6. O-O O-O 7. b4 c4 8. Nbd2 d5 9. Ne5 Nbd7 10. f4 Nb6 11. a4 Be6 12. Bf3 {0-1 (33) Hrivnak,M (2177)-Likavsky,T (2493) Slovakia 2006}) 6. Nbd2 {[%emt 0:00:03][%cal Bb1d2,Bd2e4,Be4g3][%mdl 32] A40: Unusual replies to 1 d4.} d5 7. O-O Nh6 8. dxc5 {[%emt 0:00:21] White is slightly better.} Qxc5 9. e4 dxe4 $1 10. Nxe4 Qc6 11. Ng3 O-O 12. Bg5 (12. Bf4 $16) 12... Qc7 $11 13. Re1 Nc6 14. Qc1 (14. Qd5 {with more complications.} Ng4 15. h3 Be6 16. Qe4) 14... Nf5 15. Nxf5 Bxf5 16. Bh6 Qb6 17. Bxg7 Kxg7 18. Bc4 Rad8 19. Nd4 (19. h3 $11) 19... Nxd4 $17 20. cxd4 Rxd4 21. Rxe7 $2 {[%emt 0:00:11][%mdl 8192] [#] This move loses the game for White.} (21. b3 $17) 21... Qc5 $1 $19 22. Rxb7 (22. Rxf7+ $142 Rxf7 23. Bxf7 Qxc1+ 24. Rxc1 Kxf7 25. f3) 22... Rxc4 23. Qd2 Rc8 24. Re1 Rc1 25. Rbe7 (25. h4 $142) 25... Qxe7 (25... Be6 $142 26. R7xe6 fxe6) 26. Rxc1 Rxc1+ 27. Qxc1 Qe4 28. Qc3+ Kf8 29. h3 Qb1+ 30. Kh2 Qxa2 31. Qh8+ Ke7 32. Qxh7 (32. Qc3 $142) 32... Qxb2 33. Qh4+ Qf6 34. Qa4 Qd6+ 35. g3 Bd3 36. Kg2 Bb5 {[%emt 0:00:05] [#] ( -> ...Qd5+)} 37. Qb3 {[%emt 0:00:04] Inhibits Qd5+.} Bc6+ 38. Kg1 Qd5 {[%emt 0:00:02][%csl Gc6][%cal Rd5g2] Black mates.} 39. Qe3+ Kf8 40. Qh6+ Kg8 41. f4 Qg2# {[%emt 0:00:08] Weighted Error Value: White=0.89/Black=0.31} 0-1